 Dungeon Crawl Stone Soup version 0.21.1-1-g345015fe64 (webtiles) character file.

471471 Findor the Bludgeoner (level 23, -14/188 HPs)
             Began as a Demonspawn Gladiator on Apr 15, 2018.
             Was the Champion of Makhleb.
             Demolished by a white very ugly thing (46 damage)
             ... on level 1 of the Depths on Apr 16, 2018.
             The game lasted 03:18:49 (59662 turns).

Findor the Bludgeoner (Demonspawn Gladiator)       Turns: 59662, Time: 03:18:50

Health: -14/188    AC: 22    Str: 19      XL:     23   Next: 25%
Magic:  36/36      EV: 25    Int:  7 (9)  God:    Makhleb [******]
Gold:   1879       SH: 10    Dex: 21      Spells: 20/22 levels left

rFire    + . .     SeeInvis +   t - +1 demon whip (elec)
rCold    . . .     Gourm    .   N - +1 buckler "Umer Moh" {MR+ Dex+2}
rNeg     . . .     Faith    .   B - +0 fire dragon scales
rPois    +         Spirit   .   l - +1 helmet {Int+3}
rElec    .         Reflect  .   q - +0 cloak {rPois}
rCorr    .         Harm     .   A - +2 pair of gloves
MR       +++++                  (boots unavailable)
Stlth    +.........             C - amulet of Hibok {+Blink +Rage Int-5 Slay+2 SInv}
HPRegen  0.41/turn              e - ring of the Stallion {Ice +Fly MR+++ Str-3 Dex+3}
MPRegen  0.25/turn              H - ring "Iqig" {+Inv Slay+5 Stlth+}

@: repel missiles
A: talons 3, repulsion field 3, blink, foul stench 2, powered by pain 3,
augmentation 2, rot immunity
}: 3/15 runes: decaying, serpentine, silver
a: Blink, Minor Destruction, Lesser Servant of Makhleb, Major Destruction,
Greater Servant of Makhleb, Renounce Religion, Evoke Blink, Evoke Berserk Rage,
Evoke Invisibility, Evoke Flight


You were on level 1 of the Depths.
You worshipped Makhleb.
Makhleb was exalted by your worship.
You were not hungry.

You visited 9 branches of the dungeon, and saw 42 of its levels.
You also visited: Sewer, Bailey, Ice Cave and Volcano.

You collected 6140 gold pieces.
You spent 4261 gold pieces at shops.


Innate Abilities, Weirdness & Mutations

You have claws for feet.
You are surrounded by a strong repulsion field. (EV +4, RMsl)
You frequently emit foul miasma when damaged in melee.
You are powered by pain.
Your magical and physical power is enhanced at high health.
You are immune to rotting.
You can translocate small distances at will.


   Skills:
 + Level 17.5 Fighting
 * Level 20.0 Maces & Flails
 - Level 1.7 Throwing
 + Level 16.1 Armour
 + Level 14.7 Dodging
 + Level 14.5 Shields
 + Level 18.5 Invocations


You had 20 spell levels left.
You knew the following spells:

 Your Spells              Type           Power        Failure   Level  Hunger
b - Blink                 Tloc           N/A          86%         2    ###....

Inventory:

Hand Weapons
 a - a +9 demon whip
   (You took it off a hell knight on level 2 of the Vaults)
 b - the +4 morningstar of Gozag's Reproof {pain, MP+9}
   (You found it on level 6 of the Lair of Beasts)

   In the hands of one skilled in necromantic magic, it inflicts extra damage on
   living creatures.
   It affects your magic capacity (+9).
 n - a +0 demon whip
   (You found it on level 1 of the Elven Halls)
 t - a +1 demon whip of electrocution (weapon)
   (You took it off Mara on level 1 of the Depths)
Missiles
 z - 3 throwing nets {!f}
 D - 44 tomahawks of returning (quivered)
Armour
 l - a +1 helmet of intelligence (worn)
   (You found it on level 3 of the Elven Halls)
 q - a +0 cloak of poison resistance (worn)
   (You found it on level 3 of the Elven Halls)
 A - a +2 pair of gloves (worn)
   (You found it on level 10 of the Dungeon)
 B - +0 fire dragon scales (worn)
   (You found it on level 2 of the Vaults)
 N - the +1 buckler "Umer Moh" (worn) {MR+ Dex+2}
   (You found it on level 3 of the Lair of Beasts)

   It affects your dexterity (+2).
   It affects your resistance to hostile enchantments.
 R - a +2 helmet of see invisible
   (You bought it in a shop on level 2 of the Orcish Mines)
 U - a +2 cloak of magic resistance
   (You bought it in a shop on level 1 of the Orcish Mines)
Jewellery
 e - the ring of the Stallion (left hand) {Ice +Fly MR+++ Str-3 Dex+3}
   (You found it on level 3 of the Elven Halls)

   [ring of ice]

   It enhances your ice magic.
   It affects your strength (-3).
   It affects your dexterity (+3).
   It makes you vulnerable to fire.
   It protects you from cold.
   It affects your resistance to hostile enchantments.
   It lets you fly.
 C - the amulet of Hibok (around neck) {+Blink +Rage Int-5 Slay+2 SInv}
   (You bought it in a shop on level 1 of the Depths)

   [amulet of rage]

   It affects your intelligence (-5).
   It affects your accuracy and damage with ranged weapons and melee attacks
   (+2).
   It lets you see invisible.
   It lets you blink.
   It lets you go berserk.
 F - an uncursed ring of fire
   (You bought it in a shop on level 10 of the Dungeon)
 H - the ring "Iqig" (right hand) {+Inv Slay+5 Stlth+}
   (You bought it in a shop on level 1 of the Depths)

   [ring of stealth]

   It affects your accuracy and damage with ranged weapons and melee attacks
   (+5).
   It lets you turn invisible.
   It makes you more stealthy.
 S - the ring "Guseruaj" {Str+4 Int+4 Dex-3}
   (You found it on level 3 of the Elven Halls)

   [ring of dexterity]

   It affects your strength (+4).
   It affects your intelligence (+4).
   It affects your dexterity (-3).
Wands
 c - a wand of disintegration (85)
   (You found it in an ice cave)
 d - a wand of iceblast (30)
   (You found it on level 10 of the Dungeon)
 x - a wand of acid (18)
   (You found it on level 4 of the Lair of Beasts)
 P - a wand of clouds (4)
   (You found it on level 4 of the Swamp)
Scrolls
 h - 20 scrolls of remove curse {@r2}
 i - 2 scrolls of blinking
 o - 9 scrolls of identify {@r1}
 p - 10 scrolls of fear
 v - a scroll of enchant armour
 G - a scroll of summoning
 J - 5 scrolls of magic mapping
 L - 6 scrolls of fog
 Q - 11 scrolls of teleportation {@r4}
Potions
 j - 2 potions of magic
 k - 3 potions of haste {@q3}
 s - a potion of invisibility
 w - 8 potions of cancellation
 E - 11 potions of curing {@q1}
 X - 15 potions of flight
 Z - 2 potions of heal wounds {@q2}
Books
 g - the Tome of the Damaging Entourage
   (You found it on level 3 of the Elven Halls)

   Spells                             Type                      Level
   a - Flame Tongue                   Conjuration/Fire             1
   b - Force Lance                    Conjuration/Translocation    4
   c - Fulminant Prism                Conjuration/Hexes            4
   d - Summon Forest                  Summoning/Translocation      5
Miscellaneous
 u - a phantom mirror
Comestibles
 f - 62 rations
 m - 7 chunks of flesh


Message History

* * * LOW HITPOINT WARNING * * *
The white very ugly thing looks sick.
The cyan very ugly thing barely misses you.
As you read the scroll of fear, it crumbles to dust.
You assume a fearsome visage.
The white very ugly thing looks frightened!
The deep troll shaman looks frightened!
The deep troll looks frightened!
The cyan very ugly thing looks frightened!
The deep troll looks frightened! x2
The deep troll is engulfed in dark miasma.
The deep troll is poisoned.
The deep troll seems to slow down.
The white very ugly thing seems to regain its courage.
The deep troll seems to regain its courage.
Okay, then.
A demon appears!
Unknown command.
The deep troll looks more healthy.
Your green death gestures at the deep troll.
The bolt of poison hits the deep troll.
The deep troll is poisoned.
The bolt of poison hits the deep troll.
The deep troll is poisoned.
Your green death misses the deep troll.
Your green death closely misses the deep troll.
The deep troll barely misses your green death.
The deep troll claws your green death but does no damage.
The deep troll claws your green death!!
Your green death hits the deep troll.
The deep troll looks more healthy.
The deep troll is no longer moving slowly.
The deep troll bites your green death. The deep troll claws your green death.
The deep troll claws your green death!!
Your green death gestures at the deep troll.
The bolt of poison hits the deep troll.
The deep troll bites your green death!
The deep troll claws your green death but does no damage.
The deep troll claws your green death. The deep troll bites your green death!!
Your green death dies!
The deep troll shouts!
You hit the white very ugly thing. You thrash the white very ugly thing!!
You claw the white very ugly thing.
The white very ugly thing tentacle-slaps you but does no damage.
The deep troll shaman shouts!
You hit the white very ugly thing but do no damage.
Lightning courses through the white very ugly thing!
You claw the white very ugly thing, but do no damage.
You thrash the white very ugly thing!!
Your kick misses the white very ugly thing.
The deep troll looks more healthy.
The white very ugly thing tentacle-slaps you!
* * * LOW HITPOINT WARNING * * *
The white very ugly thing freezes you!!!
You die...

#....≈.............#########
#.§.≈≈≈.....................
#..≈≈∩≈§....................
#...≈≈≈...#.................
#....≈....#.................
##.......##.................
##.....###.................
#..............TT..........
#.........@u.u.T...........
##################...######
##.#..#
################.##..######
#..............u..[.†....>.
#............T..u.)>†...u..
#.............########..###
#...........T## ##########
#.............####.........


You could see 2 very ugly things, 2 deep trolls and a deep troll shaman.

Vanquished Creatures
  Mara (Depths:1)
  Vashnia (Snake:2)
  the Lernaean hydra (Swamp:4)
  Saint Roka (Orc:2)
  Nikola (Swamp:1)
  Jorgrun (Snake:4)
  Rupert (Lair:4)
  2 tentacled monstrosities (Vaults:5)
  A titan (Vaults:5)
  5 deep elf blademasters (Elf:3)
  4 deep elf master archers (Elf:3)
  2 sphinxes (Vaults:5)
  Kirke (D:13)
  3 tengu reavers (Vaults:5)
  Donald (Snake:4)
  3 thorn hunters
  3 shadow dragons (Vaults:5)
  8 nagarajas
  8 deep elf sorcerers
  3 fire giants
  A frost giant (Vaults:4)
  21 vault wardens
  An iron dragon (Vaults:5)
  Louise (Snake:4)
  An orc warlord (Depths:1)
  Aizul (Snake:2)
  3 deep elf elementalists
  2 war gargoyles
  4 very ugly things
  19 ironheart preservers
  7 stone giants
  3 deep elf demonologists
  8 deep elf annihilators
  Snorg (Lair:6)
  7 ettins
  The ghost of Lusmu the Summoner, a journeyman TeSu of Gozag (Lair:6)
  5 deep elf high priests
  5 fire dragons
  6 great orbs of eyes
  8 deep elf death magi
  A crystal guardian (Vaults:1)
  A small abomination (Vaults:5)
  18 yaktaur captains
  38 vault guards
  11 anacondas
  8 centaur warriors
  14 naga warriors
  5 ice dragons
  2 ghost crabs
  2 rakshasas
  25 hydras
  A merfolk avatar (Lair:6)
  10 dancing weapons
  10 alligators
  2 catoblepae (Lair:5)
  41 two-headed ogres
  2 deep troll shamans
  3 death knights
  11 ogre magi
  A tengu warrior (Depths:1)
  3 deep troll earth magi
  6 death yaks
  5 orc high priests
  16 naga sharpshooters
  12 hell knights
  6 shock serpents
  Nergalle (Lair:4)
  Sonja (Orc:2)
  22 deep elf knights
  A storm dragon zombie (Vaults:3)
  3 wizards
  12 sea snakes
  A sixfirhy (Orc:2)
  2 salamander mystics
  2 torturous demonspawn (Orc:2)
  4 glowing orange brains
  2 skeletal warriors
  A shadow wraith (Vaults:4)
  A shambling mangrove (Swamp:3)
  2 flayed ghosts
  21 deep elf archers
  3 unseen horrors
  3 spriggan druids
  6 naga ritualists
  3 harpies (Vaults:4)
  18 ironbrand convokers
  11 deep trolls
  7 swamp dragons
  2 lindwurms (Volcano)
  A phantasmal warrior (Vaults:5)
  13 orc knights
  4 necromancers
  The ghost of martbhell the Covered, a novice HOFi of Hepliaklqana (D:7)
  A shadow dragon skeleton (Vaults:3)
  A mana viper (shapeshifter) (Vaults:5)
  44 deep elf magi
  A harpy (shapeshifter) (Depths:1)
  9 mana vipers
  4 wolf spiders
  10 salamanders
  6 orc sorcerers
  7 cyclopes
  27 ugly things
  4 manticores
  33 black mambas
  2 elephants
  A guardian serpent (Snake:3)
  A water nymph (shapeshifter) (Vaults:5)
  2 ice statues (IceCv)
  An orange demon (Orc:2)
  16 spiny frogs
  14 naga magi
  21 vault sentinels
  4 molten gargoyles (Volcano)
  A gargoyle (D:12)
  10 rime drakes
  A centaur skeleton (D:15)
  6 freezing wraiths
  2 efreet
  47 yaktaurs
  A kobold demonologist (D:12)
  12 komodo dragons
  A queen bee (Lair:3)
  15 hornets
  A wind drake (shapeshifter) (Vaults:1)
  6 polar bears
  A sphinx simulacrum (Vaults:2)
  A jumping spider (shapeshifter) (Depths:1)
  11 trolls
  8 tyrant leeches
  25 slime creatures
  14 blink frogs
  An ettin zombie (Vaults:2)
  2 hippogriffs (shapeshifter)
  10 bog bodies
  9 hippogriffs
  A stone giant simulacrum (Vaults:2)
  3 human simulacra
  6 spriggans
  A fire giant simulacrum (Vaults:2)
  A centaur simulacrum (D:15)
  Sigmund (D:5)
  2 shadows
  A water elemental (Elf:3)
  8 wyverns
  4 wraiths
  2 vampires
  7 basilisks
  27 yaks
  2 humans
  The ghost of Knicklaso the Skirmisher, an amateur DsHu (D:3)
  A hog (shapeshifter) (Vaults:2)
  5 hungry ghosts
  A golden eye (shapeshifter) (Vaults:5)
  A chaos spawn (Orc:2)
  5 fire elementals
  8 vampire mosquitoes
  63 nagas
  7 wargs
  An acid dragon (Vaults:2)
  4 insubstantial wisps (Swamp:1)
  5 porcupines
  16 swamp worms
  2 floating eyes (shapeshifter)
  10 water moccasins
  Purgy (Sewer)
  A floating eye (Depths:1)
  A black bear (shapeshifter) (Depths:1)
  57 orc warriors
  17 ice beasts
  5 black bears
  16 swamp drakes
  4 sky beasts
  4 boggarts (Vaults:3)
  42 ogres
  2 eyes of draining
  2 necrophages
  4 phantoms
  12 wolves
  27 centaurs
  18 crocodiles
  An orc skeleton (Vaults:2)
  A crocodile (shapeshifter) (Vaults:1)
  3 big kobolds
  17 bullfrogs
  A deep troll simulacrum (Vaults:2)
  3 earth elementals
  A wyvern skeleton (D:13)
  2 scorpions
  31 killer bees
  3 howler monkeys
  7 electric eels
  7 wights
  7 crimson imps
  5 centaur zombies
  3 quasits
  30 orc priests
  A human zombie (D:5)
  8 hounds
  2 bullfrog skeletons
  2 bullfrog zombies
  4 jellies
  9 iguanas
  Ijyb (D:3)
  21 orc wizards
  10 worker ants
  Terence (D:2)
  A killer bee zombie (D:9)
  2 hound skeletons
  A worker ant zombie (D:5)
  12 gnolls
  24 adders
  4 shadow imps
  2 white imps (Lair:5)
  2 oozes
  An adder zombie (D:9)
  An adder skeleton (D:7)
  2 worms
  A dart slug (D:2)
  2 leopard geckos
  105 orcs
  3 ball pythons
  5 bats
  5 giant cockroaches
  11 goblins
  6 hobgoblins
  14 jackals
  4 quokkas
  10 frilled lizards
  41 kobolds
  A leopard gecko skeleton (D:5)
  A quokka skeleton (D:5)
  A quokka zombie (D:6)
  8 rats
  2 briar patches
  A fire vortex (Volcano)
  A fungus (Lair:1)
  A plant (D:15)
1817 creatures vanquished.

Vanquished Creatures (collateral kills)
  A golden dragon (Vaults:5)
  Agnes (Elf:1)
  A great orb of eyes (D:15)
  Erolcha (D:13)
  2 hydras (Lair:6)
  A dancing weapon (Elf:1)
  A two-headed ogre (Vaults:2)
  6 death yaks
  4 deep troll earth magi (Depths:1)
  3 orc high priests (Orc:2)
  A shock serpent (Snake:4)
  2 hell knights (Vaults:2)
  A wizard (D:14)
  A deep troll (Depths:1)
  3 orc knights
  3 deep elf archers
  A necromancer (Vaults:2)
  2 manticores
  5 orc sorcerers (Orc:2)
  3 deep elf magi
  A salamander (Snake:4)
  An elephant (Lair:6)
  7 yaktaurs
  A redback zombie (D:14)
  A komodo dragon (Lair:6)
  A freezing wraith (Vaults:2)
  A hornet (Lair:6)
  2 trolls
  A wind drake (Lair:6)
  A slime creature (Swamp:3)
  A hippogriff (Lair:6)
  A hog (D:13)
  A vampire mosquito (D:14)
  A naga (Snake:4)
  7 orc warriors
  An eye of draining (D:13)
  A wolf (Lair:5)
  An ogre (Orc:1)
  An orc priest (Orc:1)
  2 orc wizards (Orc:2)
  A gnoll (Orc:1)
  16 orcs
  A jackal (D:9)
95 creatures vanquished.

Vanquished Creatures (others)
  A deep elf master archer (Elf:3)
  A stone giant (Vaults:4)
  A hydra (Lair:6)
  A two-headed ogre (Vaults:5)
  A naga sharpshooter (Snake:3)
  A spriggan (Swamp:4)
  A deep elf archer (Vaults:3)
  A deep elf mage (Elf:2)
  An eye of devastation (shapeshifter) (Vaults:5)
  5 yaktaurs
  A hornet (Swamp:4)
  A bog body (Swamp:4)
  A blink frog (Swamp:4)
  An ogre (Vaults:5)
  An orc wizard (Orc:2)
  2 orcs (Orc:1)
  A briar patch (Swamp:3)
  A bush (Swamp:4)
  A fire vortex (Volcano)
  30 fungi
  39 plants
93 creatures vanquished.

Grand Total: 2005 creatures vanquished

Notes
Turn   | Place    | Note
-------+----------+-------------------------------------------
     0 | D:1      | Findor the Demonspawn Gladiator began the quest for the Orb.
     0 | D:1      | Reached XP level 1. HP: 16/16 MP: 1/1
   113 | D:1      | Reached skill level 3 in Maces & Flails
   310 | D:1      | Gained mutation: You have sharp toenails. [demonic ancestry]
   310 | D:1      | Reached XP level 2. HP: 22/22 MP: 2/2
  1034 | D:2      | Noticed Terence
  1054 | D:2      | Killed Terence
  1054 | D:2      | Reached XP level 3. HP: 27/27 MP: 3/3
  1064 | D:2      | Reached skill level 4 in Maces & Flails
  1512 | D:2      | Reached skill level 1 in Armour
  1512 | D:2      | Gained mutation: You are surrounded by a mild repulsion field. (EV +2) [demonic ancestry]
  1512 | D:2      | Reached XP level 4. HP: 34/34 MP: 4/4
  2327 | D:3      | Noticed a centaur
  2497 | D:2      | Gained mutation: You have razor-sharp toenails. [demonic ancestry]
  2497 | D:2      | Reached XP level 5. HP: 14/39 MP: 5/5
  2770 | D:3      | Killed a centaur
  2770 | D:3      | Reached skill level 3 in Fighting
  2826 | D:3      | Found a glowing drain.
  2835 | Sewer    | Entered a sewer
  2856 | Sewer    | Noticed Purgy
  2876 | Sewer    | Killed Purgy
  2876 | Sewer    | Reached skill level 5 in Maces & Flails
  2876 | Sewer    | Gained mutation: You have claws for feet. [demonic ancestry]
  2876 | Sewer    | Reached XP level 6. HP: 35/47 MP: 6/6
  3187 | D:3      | Noticed Knicklaso's ghost (amateur DsHu)
  3253 | D:3      | Killed Knicklaso's ghost
  3669 | D:3      | Gained mutation: You sometimes gain a little power by taking damage. [demonic ancestry]
  3669 | D:3      | Reached XP level 7. HP: 42/53 MP: 7/7
  3931 | D:4      | Noticed Ijyb
  3932 | D:3      | Reached skill level 3 in Armour
  3962 | D:3      | Killed Ijyb
  3962 | D:3      | Reached skill level 6 in Maces & Flails
  4357 | D:4      | Found a glowing golden altar of the Shining One.
  4361 | D:4      | Found a deep blue altar of Sif Muna.
  4584 | D:5      | Entered Level 5 of the Dungeon
  4830 | D:5      | Noticed Sigmund
  5012 | D:5      | Found a runed door.
  5012 | D:5      | Noticed a human
  5013 | D:5      | Found a basalt altar of Yredelemnul.
  5173 | D:4      | Gained mutation: You are surrounded by a moderate repulsion field. (EV +3) [demonic ancestry]
  5173 | D:4      | Reached XP level 8. HP: 61/61 MP: 8/8
  5599 | D:5      | Reached skill level 7 in Maces & Flails
  6026 | D:6      | Reached skill level 8 in Maces & Flails
  6104 | D:6      | Reached skill level 6 in Fighting
  6117 | D:6      | Found a staircase to the Ecumenical Temple.
  6123 | Temple   | Entered the Ecumenical Temple
  6228 | Temple   | Became a worshipper of Makhleb the Destroyer
  6430 | D:6      | Found a sacrificial altar of Ru.
  6513 | D:7      | Noticed martbhell's ghost (novice HOFi)
  6559 | D:7      | Killed martbhell's ghost
  6559 | D:7      | Reached XP level 9. HP: 49/71 MP: 9/9
  6704 | D:7      | Reached skill level 6 in Armour
  7137 | D:7      | Reached * piety under Makhleb
  7603 | D:8      | Found a flagged portal.
  7622 | Bailey   | Entered a bailey
  7627 | Bailey   | Noticed an orc warlord
  7752 | Bailey   | Found a runed gate.
  7753 | Bailey   | Found a runed gate.
  7785 | Bailey   | Found a runed gate.
  7798 | Bailey   | Reached XP level 10. HP: 68/82 MP: 10/10
  8082 | D:8      | Reached ** piety under Makhleb
  8303 | D:9      | Reached skill level 9 in Fighting
  8399 | D:9      | Noticed a death yak
  8399 | D:9      | Noticed a death yak
  8400 | D:9      | Noticed a death yak
  8401 | D:9      | Noticed a death yak
  8401 | D:9      | Noticed a death yak
  8404 | D:9      | Noticed a death yak
  8424 | D:9      | Killed a death yak
  8424 | D:9      | Reached skill level 3 in Dodging
  8432 | D:9      | Found a staircase to the Orcish Mines.
  8712 | D:9      | Found an iron altar of Okawaru.
  8743 | D:9      | Found a bloodstained altar of Trog.
  8830 | D:9      | Found a stormy altar of Qazlal.
  8853 | D:9      | Found a hazy altar of Hepliaklqana.
  8915 | D:9      | Found a staircase to the Lair.
  8934 | Lair:1   | Entered Level 1 of the Lair of Beasts
  8986 | Lair:1   | Reached skill level 9 in Maces & Flails
  8989 | Lair:1   | Reached *** piety under Makhleb
  9207 | Lair:1   | Noticed a wolf spider
  9213 | Lair:1   | Killed a wolf spider
  9236 | Lair:1   | Noticed a spiny frog
  9238 | Lair:1   | Found a frozen archway.
  9243 | Lair:1   | Killed a spiny frog
  9252 | Lair:1   | Noticed a six-headed hydra
  9272 | Lair:1   | Gained mutation: You are immune to rotting. [demonic ancestry]
  9272 | Lair:1   | Reached XP level 11. HP: 86/90 MP: 11/11
  9274 | Lair:1   | Killed a six-headed hydra
  9319 | IceCv    | Entered an ice cave
  9319 | IceCv    | Noticed a white ugly thing
  9329 | IceCv    | Killed a white ugly thing
  9331 | IceCv    | Reached skill level 9 in Armour
  9378 | IceCv    | Found a transporter.
  9395 | IceCv    | Noticed a white ugly thing
  9410 | IceCv    | Killed a white ugly thing
  9429 | IceCv    | Reached skill level 10 in Maces & Flails
 10144 | Lair:1   | Reached **** piety under Makhleb
 10699 | Lair:2   | HP: 18/92 [yak (6)]
 10707 | Lair:1   | HP: 8/92 [rime drake/flash freeze (13)]
 11507 | Lair:2   | Noticed a seven-headed hydra
 11517 | Lair:2   | Killed a seven-headed hydra
 11517 | Lair:2   | Reached skill level 11 in Maces & Flails
 11517 | Lair:2   | Reached skill level 6 in Dodging
 11517 | Lair:2   | Reached skill level 1 in Invocations
 11517 | Lair:2   | Gained mutation: You may emit foul miasma when damaged in melee. [demonic ancestry]
 11517 | Lair:2   | Reached XP level 12. HP: 59/99 MP: 12/12
 12735 | Lair:3   | Found a staircase to the Swamp.
 12797 | Lair:3   | Reached skill level 3 in Invocations
 12973 | Lair:3   | Reached ***** piety under Makhleb
 13626 | Lair:3   | Got a shimmering buckler
 13632 | Lair:3   | Identified the +1 buckler "Umer Moh" {MR+ Dex+2} (You found it on level 3 of the Lair of Beasts)
 13932 | Lair:3   | Reached skill level 1 in Shields
 13952 | Lair:3   | Noticed an eight-headed hydra
 13961 | Lair:3   | Killed an eight-headed hydra
 14357 | Lair:4   | Noticed Rupert
 14374 | Lair:4   | Killed Rupert
 14501 | Lair:4   | Reached XP level 13. HP: 62/106 MP: 15/17
 14691 | Lair:4   | Noticed Nergalle
 14701 | Lair:4   | Killed Nergalle
 14701 | Lair:4   | Reached skill level 3 in Shields
 14725 | Lair:4   | Found a staircase to the Snake Pit.
 15827 | Lair:5   | Found a dark tunnel.
 15833 | Volcano  | Entered a volcano
 15859 | Volcano  | Reached skill level 12 in Maces & Flails
 15874 | Volcano  | Reached skill level 6 in Invocations
 16288 | Lair:5   | Found a staircase to the Slime Pits.
 17547 | Lair:5   | Got a fine robe
 17548 | Lair:5   | Identified the +1 robe of Love and Death {rF+ Dex+7} (You found it on level 5 of the Lair of Beasts)
 17971 | Lair:5   | Learned a level 2 spell: Blink
 17997 | Lair:6   | Entered Level 6 of the Lair of Beasts
 18307 | Lair:6   | Noticed Lusmu's ghost (journeyman TeSu)
 19066 | Lair:5   | Reached skill level 12 in Fighting
 19381 | Lair:6   | Reached skill level 6 in Shields
 19393 | Lair:6   | Noticed Snorg
 19414 | Lair:6   | Killed Snorg
 19438 | Lair:6   | Gained mutation: You frequently emit foul miasma when damaged in melee. [demonic ancestry]
 19438 | Lair:6   | Reached XP level 14. HP: 77/115 MP: 19/19
 19853 | Lair:6   | Found an ornate altar of the Wu Jian Council.
 20182 | Lair:6   | Killed Lusmu's ghost
 20300 | Lair:6   | Got a smoking morningstar
 20301 | Lair:6   | Identified the +4 morningstar of Gozag's Reproof {pain, MP+9} (You found it on level 6 of the Lair of Beasts)
 20704 | D:9      | Found a hide-covered altar of Uskayaw.
 20813 | D:9      | Found an opulent altar of Gozag.
 21595 | D:5      | Killed Sigmund
 21674 | Orc:1    | Entered Level 1 of the Orcish Mines
 21717 | Orc:1    | Found Izoic's Antique Armour Boutique.
 21983 | D:9      | HP: 18/116 [orc knight/long sword of electrocution (18)]
 22500 | D:10     | Entered Level 10 of the Dungeon
 22821 | Orc:1    | Bought an embroidered cloak for 210 gold pieces
 22821 | Orc:1    | Bought a glowing helmet for 210 gold pieces
 22875 | Orc:1    | You fall through a shaft!
 22875 | Orc:2    | Entered Level 2 of the Orcish Mines
 23785 | Orc:2    | Noticed Sonja
 24002 | Orc:2    | Found a staircase to the Elven Halls.
 24139 | Orc:2    | Found Notsy's Distillery.
 24141 | Orc:2    | Found Offen's Magic Scroll Shoppe.
 24191 | Orc:2    | Reached skill level 9 in Invocations
 25044 | Orc:2    | Noticed Saint Roka
 25398 | Orc:2    | Reached skill level 9 in Dodging
 25957 | Orc:2    | Found Okyphine's Antique Armour Boutique.
 25957 | Orc:2    | Found Xonoff's Gadget Shop.
 25957 | Orc:2    | Found a one-way gate leading to the halls of Pandemonium.
 26181 | Orc:2    | Killed Sonja
 26321 | Orc:2    | Killed Saint Roka
 26321 | Orc:2    | Reached XP level 15. HP: 31/122 MP: 22/22
 26893 | Orc:2    | Bought a runed helmet for 240 gold pieces
 27120 | D:10     | Reached skill level 13 in Maces & Flails
 27315 | D:10     | Found Toacyth's Assorted Antiques.
 27344 | D:10     | Bought a brass ring for 130 gold pieces
 27344 | D:10     | Bought a scroll of identify for 52 gold pieces
 28564 | D:12     | Got a fine battleaxe
 28569 | D:12     | Identified the cursed +2 battleaxe "Killer Bee's Doom" {vamp, Int+4} (You found it on level 12 of the Dungeon)
 28615 | D:12     | Found Iruar's Antique Weapon Shoppe.
 28670 | D:12     | Found a shadowy altar of Dithmenos.
 29613 | D:13     | Reached skill level 9 in Shields
 29650 | D:13     | Noticed Erolcha
 29652 | D:13     | Noticed Kirke
 29659 | D:13     | Killed Erolcha
 29667 | D:13     | Killed Kirke
 30542 | D:14     | Reached skill level 12 in Armour
 30856 | D:14     | Found a gate to the Vaults.
 31260 | D:15     | Entered Level 15 of the Dungeon
 31446 | D:15     | Reached ****** piety under Makhleb
 31617 | D:15     | Found Eqeerch Yroim's Assorted Antiques.
 31721 | D:15     | Noticed a fire giant
 31736 | D:15     | Killed a fire giant
 31761 | D:15     | Gained mutation: You sometimes gain power by taking damage. [demonic ancestry]
 31761 | D:15     | Reached XP level 16. HP: 131/131 MP: 24/24
 31796 | D:15     | Got a bloodstained dagger
 31797 | D:15     | Identified the +7 dagger of the Unspeakable One {freeze, Str+6} (You found it on level 15 of the Dungeon)
 32090 | D:15     | Found a staircase to the Depths.
 32444 | Swamp:1  | Entered Level 1 of the Swamp
 32455 | Swamp:1  | Reached skill level 14 in Maces & Flails
 33122 | Swamp:1  | Noticed Nikola
 33212 | Snake:1  | Entered Level 1 of the Snake Pit
 33902 | Snake:1  | Noticed Aizul
 33909 | Snake:1  | HP: 13/131 [Aizul/bolt of poison (36)]
 34351 | Swamp:1  | Killed Nikola
 34443 | Swamp:1  | Identified the +4 battleaxe of Xojysyd {chop, *Contam Dex+5 SInv} (You found it on level 1 of the Swamp)
 34828 | Swamp:2  | Noticed a thorn hunter
 35365 | Swamp:2  | Killed a thorn hunter
 35948 | Swamp:3  | Noticed a thorn hunter
 35965 | Swamp:3  | Killed a thorn hunter
 36265 | Swamp:3  | Reached skill level 12 in Invocations
 36717 | Swamp:4  | Entered Level 4 of the Swamp
 36731 | Swamp:4  | Noticed a thorn hunter
 36921 | Swamp:3  | Killed a thorn hunter
 37183 | Swamp:4  | Gained mutation: You are surrounded by a strong repulsion field. (EV +4, RMsl) [demonic ancestry]
 37183 | Swamp:4  | Reached XP level 17. HP: 138/138 MP: 26/26
 38152 | Swamp:4  | Reached skill level 15 in Maces & Flails
 38588 | Swamp:4  | Identified the +7 trident "Ysigenuj" {pierce, rN+ Int+2 Dex-3} (You found it on level 4 of the Swamp)
 38598 | Swamp:4  | Noticed the 27-headed Lernaean hydra
 38610 | Swamp:4  | HP: 20/139 [the 27-headed Lernaean hydra (12)]
 38610 | Swamp:4  | HP: 9/139 [the 27-headed Lernaean hydra (9)]
 38610 | Swamp:4  | HP: 1/139 [the 27-headed Lernaean hydra (8)]
 38614 | Swamp:4  | Killed the 27-headed Lernaean hydra
 38886 | Swamp:4  | Got a decaying rune of Zot
 39565 | Snake:2  | Noticed Vashnia
 39837 | Snake:2  | Killed Aizul
 39912 | Snake:2  | Killed Vashnia
 40004 | Snake:2  | Found Teanargh's Distillery.
 40017 | Snake:2  | Bought a potion of might for 64 gold pieces
 40017 | Snake:2  | Bought a potion of haste for 160 gold pieces
 40017 | Snake:2  | Bought a potion of agility for 64 gold pieces
 41263 | D:15     | Bought a scroll of teleportation for 99 gold pieces
 41263 | D:15     | Bought a scroll of blinking for 247 gold pieces
 41263 | D:15     | Bought a scroll of identify for 66 gold pieces
 41263 | D:15     | Bought a potion of agility for 132 gold pieces
 41422 | Orc:2    | Bought a scroll of identify for 26 gold pieces
 41422 | Orc:2    | Bought a scroll of identify for 26 gold pieces
 41422 | Orc:2    | Bought a scroll of identify for 26 gold pieces
 41422 | Orc:2    | Bought a scroll of identify for 26 gold pieces
 41422 | Orc:2    | Bought a scroll of magic mapping for 45 gold pieces
 41422 | Orc:2    | Bought a scroll of enchant weapon for 97 gold pieces
 41422 | Orc:2    | Bought a scroll of teleportation for 39 gold pieces
 41422 | Orc:2    | Bought a scroll of teleportation for 39 gold pieces
 41424 | Orc:2    | Bought a potion of might for 68 gold pieces
 41424 | Orc:2    | Bought a potion of might for 68 gold pieces
 41424 | Orc:2    | Bought a potion of haste for 170 gold pieces
 42280 | Snake:3  | Gained mutation: You are powered by pain. [demonic ancestry]
 42280 | Snake:3  | Reached XP level 18. HP: 111/147 MP: 28/28
 42390 | Snake:3  | Found Fanwua's Book Shop.
 43364 | Vaults:1 | Entered Level 1 of the Vaults
 43632 | Vaults:1 | Reached skill level 16 in Maces & Flails
 45239 | Vaults:2 | Reached skill level 15 in Fighting
 45249 | Vaults:2 | Reached skill level 12 in Dodging
 45497 | Vaults:2 | Reached XP level 19. HP: 155/155 MP: 29/29
 46041 | Vaults:2 | Reached skill level 12 in Shields
 47033 | Vaults:3 | Found a staircase to the Crypt.
 47033 | Vaults:3 | Found an ancient bone altar of Kikubaaqudgha.
 47034 | Vaults:3 | Found a basalt altar of Yredelemnul.
 47059 | Vaults:3 | Reached skill level 17 in Maces & Flails
 47528 | Vaults:3 | Reached skill level 15 in Invocations
 48425 | Vaults:3 | Found Suana's Antique Weapon Boutique.
 48919 | Vaults:4 | Gained mutation: Your magical and physical power is slightly enhanced at high health. [demonic ancestry]
 48919 | Vaults:4 | Reached XP level 20. HP: 164/164 MP: 31/31
 50262 | Elf:1    | Entered Level 1 of the Elven Halls
 50268 | Elf:1    | Noticed Agnes
 50282 | Elf:1    | Killed Agnes
 50378 | Elf:1    | Found Cyceros's General Store.
 50380 | Elf:1    | Bought a scroll of enchant weapon for 112 gold pieces
 50563 | Elf:1    | Found Qeoruipp's Assorted Antiques.
 51488 | Elf:2    | Found a runed gate.
 51490 | Elf:2    | Found a runed gate.
 51494 | Elf:2    | Reached skill level 18 in Maces & Flails
 51499 | Elf:2    | Found a runed gate.
 51688 | Elf:3    | Entered Level 3 of the Elven Halls
 52282 | Elf:3    | Reached XP level 21. HP: 171/171 MP: 33/33
 52463 | Elf:3    | Reached skill level 15 in Armour
 52679 | Elf:3    | Got a faintly glowing turquoise ring
 52680 | Elf:3    | Identified the ring of the Stallion {Ice +Fly MR+++ Str-3 Dex+3} (You found it on level 3 of the Elven Halls)
 52700 | Elf:3    | Got a brightly glowing leather armour
 52701 | Elf:3    | Identified the cursed +1 leather armour of Qazlal's Wrath {-Cast Str+2 Int+3} (You found it on level 3 of the Elven Halls)
 52803 | Elf:3    | Identified the +1 rapier of the Vaults {pierce, +Blink} (You found it on level 3 of the Elven Halls)
 52827 | Elf:3    | Got a smoking lapis lazuli ring
 52835 | Elf:3    | Identified the cursed ring "Guseruaj" {Str+4 Int+4 Dex-3} (You found it on level 3 of the Elven Halls)
 52882 | Elf:3    | Identified the Tome of the Damaging Entourage
 53268 | Snake:4  | Entered Level 4 of the Snake Pit
 53394 | Snake:4  | Found Qaciewasudi's Armour Boutique.
 53449 | Snake:4  | Noticed Louise
 53458 | Snake:4  | Noticed Donald
 53474 | Snake:4  | Killed Donald
 53480 | Snake:4  | Killed Louise
 53764 | Snake:4  | Noticed Jorgrun
 53778 | Snake:4  | Killed Jorgrun
 54772 | Snake:4  | Got a serpentine rune of Zot
 55231 | Vaults:5 | Entered Level 5 of the Vaults
 55491 | Vaults:5 | Reached skill level 19 in Maces & Flails
 55548 | Vaults:5 | Gained mutation: Your magical and physical power is enhanced at high health. [demonic ancestry]
 55548 | Vaults:5 | Reached XP level 22. HP: 180/180 MP: 34/34
 56316 | Vaults:5 | Found Naurekypp's Gadget Shop.
 56486 | Vaults:5 | Identified the cursed +0 falchion of Fighting Over It {freeze, Stlth+} (You found it on level 5 of the Vaults)
 56527 | Vaults:5 | Reached skill level 18 in Invocations
 56811 | Vaults:5 | Noticed a golden dragon
 56823 | Vaults:5 | Killed a golden dragon
 57132 | Vaults:5 | Got a fine ring mail
 57133 | Vaults:5 | Identified the +1 ring mail "Jofeu" {rC++ rN+ Int-2} (You found it on level 5 of the Vaults)
 57395 | Vaults:5 | Got a silver rune of Zot
 57771 | Depths:1 | Entered Level 1 of the Depths
 57771 | Depths:1 | Found a runed door.
 57805 | Depths:1 | Reached XP level 23. HP: 188/188 MP: 36/36
 57852 | Depths:1 | Found a gateway to a ziggurat.
 57955 | Depths:1 | Noticed Mara
 58020 | Depths:1 | Found a gateway to Hell.
 58081 | Depths:1 | Killed Mara
 58393 | Depths:1 | Found Ewalab's Jewellery Boutique.
 58395 | Depths:1 | Found Fydos's Gadget Emporium.
 58396 | Depths:1 | Found Qijaung's Jewellery Boutique.
 58416 | Depths:1 | Bought the amulet of Hibok {+Blink +Rage Int-5 Slay+2 SInv} for 953 gold pieces
 58416 | Depths:1 | Bought the ring "Iqig" {+Inv Slay+5 Stlth+} for 892 gold pieces
 59442 | Depths:1 | Found a roughly hewn altar of Beogh.
 59451 | Depths:1 | Gained mutation: You possess an exceptional clarity of mind. [potion of mutation]
 59451 | Depths:1 | Lost mutation: You possess an exceptional clarity of mind. [potion of mutation]
 59451 | Depths:1 | Gained mutation: You can translocate small distances at will. [potion of mutation]
 59491 | Depths:1 | Paralysed by a floating eye for 2 turns
 59574 | Depths:1 | Reached skill level 20 in Maces & Flails
 59662 | Depths:1 | HP: 32/188 [white very ugly thing (10)]
 59662 | Depths:1 | Demolished by a white very ugly thing

Vault maps used:
D:1:      dpeg_arrival_castle, columned_hall_lemuel, dk_noncrumbling_2
D:2:      first_ration, uniq_terence
D:3:      cheibrodos_sewer_entry_drain, minmay_splitting_lines,
          minmay_misc_feat_chi, kennysheep_generic_room_16
D:4:      minitemple, uniq_ijyb
D:5:      dk_yredelemnul_ordeal, uniq_sigmund
D:6:      nicolae_ru_path_of_blood, minmay_temple_entry_statues
D:8:      enter_bailey_3
D:9:      nicolae_overflow_quartered_altars, dancing_weapons_uskayaw,
          dpeg_lair_monsters, lemuel_tele_altar
D:10:     serial_shops, nicolae_shop_competitors_out_of_business, grunt_pizzeria
D:12:     serial_shops, nicolae_shop_window_shopping, spider_trap,
          grunt_dithmenos_smoke_and_mirrors
D:13:     grunt_ministairs_7, uniq_erolcha, uniq_kirke
D:14:     lightli_vaults_fourway_checkpoint, serial_bayou_pond_b,
          lightli_fourway_metalbox
D:15:     grunt_enter_depths_snipers, serial_bayou_lagoon_a, serial_shops,
          nicolae_shop_overgrown_old_shop, minmay_misc_feat_plants,
          minmay_checkered_concentric_circles
Temple:   nicolae_temple_great_sept
Lair:1:   minmay_lair_venomous_thicket, portal_ice_cave_entry_ice_beasts
Lair:2:   small_statue_intersection, nicolae_quartered_pool_super,
          dpeg_stationary_puzzle, grunt_megastairs_4
Lair:3:   regret_index_tunnel_blossom, swamp_mist_pool
Lair:4:   guppyfry_snake_entry_garden, serial_bayou, serial_bayou_shore_a,
          serial_bayou_pond_c, serial_bayou_pond_d, serial_bayou_crossing,
          cheibrodos_lair_lostbears, uniq_rupert, uniq_nergalle
Lair:5:   nzn_motion_control, minmay_slime_entry_oklob_open, enter_volcano_2,
          bobbens_ice_dragon_lair
Lair:6:   gammafunk_lair_ancient_temple, basic_altar, minmay_stone_trees_medium,
          minmay_lair_drake_nest, uniq_snorg
Swamp:1:  evilmike_swamp_ruin_house_2, uniq_nikola
Swamp:2:  evilmike_swamp_ruin_house_1
Swamp:3:  infiniplex_staircase_pool
Swamp:4:  grunt_swamp_rune_castle
Snake:1:  uniq_aizul
Snake:2:  special_room, serial_shops, nicolae_shop_waterfront, uniq_vashnia
Snake:3:  serial_shops, shop, guppyfry_snake_island
Snake:4:  minmay_snake_end_coiled, serial_shops, shop, grunt_ministairs_1,
          uniq_donald, uniq_louise, uniq_jorgrun
Orc:1:    serial_shops, nicolae_shop_stone, nooodl_orcs_dogs
Orc:2:    pf_orc_diabolical, uniq_sonja, uniq_saint_roka
Elf:1:    serial_shops, nicolae_shop_behind_doors,
          kennysheep_underground_church, minmay_shop_star, uniq_agnes
Elf:2:    uniq_asterion
Elf:3:    minmay_elf_hall
Vaults:1: nicolae_vaults_twisting_passages, v_misc_22, v_misc_26,
          hangedman_vaults_locks, vaults_dpeg_encased_lava, vaults_mumra_hex
Vaults:2: ontoclasm_vaults_tryst, vaults_room_corners,
          ontoclasm_vaults_claustrophobia, hangedman_vaults_snaps, v_misc_27,
          hangedman_vaults_stretched_pinwheel, nicolae_vaults_ninety_degrees,
          v_alt_pattern_3, ontoclasm_vaults_misaligned, hangedman_vaults_stream,
          vaults_room_octagon, vaults_dpeg_ring, ontoclasm_vaults_eye,
          nicolae_vaults_rhombus_6, v_misc_8
Vaults:3: grunt_vaults_bifocal, minmay_crypt_entry_necro_gods,
          grunt_vaults_swirl, hangedman_vaults_pinch, nicolae_vaults_rhombus_6,
          v_misc_11, v_pattern_5, vaults_mumra_minichess_inversion,
          ontoclasm_vaults_ring_large, v_misc_18, grunt_vaults_hallway_long,
          vaults_mumra_chevron_long, vaults_room_hallway,
          vaults_room_semicircle, serial_shops, shop
Vaults:4: hangedman_vaults_corner, hangedman_vaults_capsules,
          ontoclasm_vaults_ring_large, v_alt_pattern_2, vaults_room_door_hall,
          vaults_standard_mumra_enter_the_diamond, vaults_room_door_hall,
          nicolae_vaults_asterisk, vaults_mumra_lcd, vaults_dpeg_diagonal,
          nicolae_vaults_shelves_hall
Depths:1: enter_ziggurat_b, hell_entry, serial_bayou_pond_e,
          rand_demon_pan_entry_5, lightli_church_of_beogh, minmay_shop_grove,
          uniq_mara
Depths:2: kennysheep_six_static_rooms, lightli_too_deep, serial_bayou_pond_a
Sewer:    sewer_co_purgy_island
Bailey:   bailey_axe_bossmonster_kennysheep, bailey
IceCv:    ice_cave_statue_garden_teleport
Volcano:  volcano_aerie

Action                   |  1- 3 |  4- 6 |  7- 9 | 10-12 | 13-15 | 16-18 | 19-21 | 22-24 || total
-------------------------+-------+-------+-------+-------+-------+-------+-------+-------++-------
Melee: Flail             |    67 |   166 |   250 |     5 |       |       |       |       ||   488
       Kick              |     6 |    29 |   116 |   301 |   826 |  1050 |   998 |   416 ||  3742
       Whip              |       |       |   112 |   842 |  2068 |  2241 |       |       ||  5263
       Demon whip        |       |       |       |       |       |    41 |  2123 |   805 ||  2969
 Fire: Hunting sling     |       |       |    16 |    11 |       |       |       |       ||    27
Throw: Throwing net      |     3 |     1 |       |       |     1 |       |       |       ||     5
       Tomahawk          |       |       |       |     3 |       |    11 |       |       ||    14
Invok: Minor Destruction |       |       |       |     1 |       |       |       |       ||     1
       Lesser Servant of |       |       |       |       |    58 |     3 |       |       ||    61
       Greater Servant o |       |       |       |       |       |     3 |     9 |     5 ||    17
Evoke: Wand              |       |       |       |     2 |     2 |       |       |       ||     4
  Use: Scroll            |       |     9 |     1 |    17 |    20 |    18 |    17 |     9 ||    91
       Potion            |       |     1 |     1 |     7 |    10 |    20 |     5 |     3 ||    47
 Stab: Held in net/web   |     1 |       |       |       |       |       |       |       ||     1
       Petrified         |       |       |       |       |     4 |       |       |       ||     4
       Distracted        |       |       |       |       |    12 |       |     2 |       ||    14
       Sleeping          |       |       |       |       |       |     1 |       |       ||     1
       Invisible         |       |       |       |       |       |       |     4 |       ||     4
  Eat: Chunk             |     1 |     7 |    16 |    17 |    33 |    24 |    27 |     6 ||   131
       Ration            |       |       |       |     2 |     7 |     6 |     2 |     2 ||    19
Armor: Leather armour    |     4 |       |       |       |       |       |       |       ||     4
       Scale mail        |    23 |   120 |    69 |   189 |    25 |       |       |       ||   426
       Plate armour      |       |       |   134 |   106 |       |       |       |       ||   240
       Ring mail         |       |       |       |       |   339 |   188 |       |       ||   527
       Swamp dragon scal |       |       |       |       |       |   209 |    29 |       ||   238
       Ice dragon scales |       |       |       |       |       |       |   175 |       ||   175
       Fire dragon scale |       |       |       |       |       |       |    93 |   113 ||   206
Dodge: Dodged            |    41 |   170 |   206 |   527 |  1173 |  1288 |  1060 |   417 ||  4882
       Deflected         |       |       |       |       |       |    63 |    88 |    20 ||   171
Block: Buckler           |       |       |       |    20 |   510 |   716 |   853 |   294 ||  2393
       Reflection        |       |       |       |       |       |    34 |    92 |    30 ||   156
